 Dungeon Sprint DCSS version 0.19.5 (webtiles) character file.

539 Groucho the Prestidigitator (level 7, 0/70 HPs)
             Began as a Deep Dwarf Fighter on Mar 18, 2017.
             Was a Follower of Makhleb.
             Slain by a gargoyle
             ... wielding a +2 flail of protection
              (18 damage)
             ... in the Dungeon (Sprint IX: "|||||||||||||||||||||||||||||").
             The game lasted 00:01:32 (504 turns).

Groucho the Prestidigitator (Deep Dwarf Fighter)     Turns: 504, Time: 00:01:33

Health: 0/70       AC: 11    Str: 22    XL:     7   Next: 5%
Magic:  10/13      EV:  9    Int:  8    God:    Makhleb [*.....]
Gold:   0          SH: 12    Dex: 18    Spells: 0 memorised, 6 levels left

rFire  . . .     SeeInvis .     q - +1 broad axe (freeze)
rCold  . . .     Gourm    .     t - +2 ring mail
rNeg   . . .     Faith    .     c - +0 shield
rPois  .         Spirit   .     (no helmet)
rElec  .         Reflect  .     r - +0 cloak
rCorr  .         Harm     .     (no gloves)
MR     +....     NoTele   +     s - +0 pair of boots
Stlth  +.........               (no amulet)
                                b - +3 ring of dexterity
                                a - +3 ring of dexterity

@: very slightly contaminated, non-regenerating
A: damage resistance, recharge devices, sense surroundings 1, slow regeneration
3
a: Device Recharging, Renounce Religion


You were in the Dungeon.
You worshipped Makhleb.
Makhleb was aware of your devotion.
You were not hungry.

You visited 1 branch

Inventory:

Hand Weapons
 q - a +1 broad axe of freezing (weapon)
Armour
 c - a +0 shield (worn)
 r - a +0 cloak (worn)
 s - a +0 pair of boots (worn)
 t - a +2 ring mail (worn)
Jewellery
 a - a +3 ring of dexterity (left hand)
 b - a +3 ring of dexterity (right hand)
Wands
 e - a wand of heal wounds (5/9)
 p - a wand of iceblast (7/15)
Scrolls
 l - 2 scrolls of blinking
 n - 3 scrolls of remove curse
 o - 2 scrolls of amnesia
Potions
 d - a potion of might
 g - 5 potions of curing
 h - a potion of heal wounds
 j - 4 potions of magic
 k - a potion of berserk rage
Comestibles
 f - a bread ration


   Skills:
 + Level 6.9 Fighting
 + Level 7.6 Axes
 + Level 8.2 Armour
 + Level 8.1 Shields
 + Level 8.8 Evocations


You had 6 spell levels left.
You didn't know any spells.

Dungeon Overview and Level Annotations

Branches:
Dungeon (1/1)

Altars:
Cheibriados
Dithmenos
Elyvilon
Fedhas
Gozag
Hepliaklqana
Kikubaaqudgha
Makhleb
Nemelex Xobeh
Okawaru
Qazlal
Ru
Sif Muna
Trog
Uskayaw
Vehumet
Xom
Yredelemnul
Zin
The Shining One
Beogh
Jiyva
Lugonu


Innate Abilities, Weirdness & Mutations

You are resistant to damage.
You can recharge devices by infusing magical energy.
You passively map a small area around you.
You do not regenerate.


Message History

You hit the gargoyle but do no damage.
The gargoyle hits you with a flail of protection.
Unknown command.
You hit the gargoyle but do no damage. You block the gargoyle's attack.
A sky beast appears from thin air!
Reactivating autopickup.
Unknown command.
You slash the gargoyle! You freeze the gargoyle.
The gargoyle is heavily damaged.
The gargoyle hits you with a flail of protection.
The howler monkey hoots and howls with incredible vigour!
You block the gargoyle's attack.
You completely miss the gargoyle.
The gargoyle is moderately damaged.
The gargoyle hits you with a flail of protection!
* * * LOW HITPOINT WARNING * * *
You closely miss the gargoyle.
The gargoyle is moderately damaged.
The gargoyle hits you with a flail of protection!!
You die...

▓▓▓▓▓▓▓▓▓▓▓▓▓▓▓▓▓▓▓▓▓▓▓▓
+FohYH9@....)((..[(.)|..
▓▓▓▓▓▓▓▓▓▓▓▓▓▓▓▓▓▓▓▓▓▓▓▓
, , , , * * ** * ** , ,
, , , , * * ****** * *
,, , ,, , , ** * * , ,,
+ ,


You could see a hippogriff, a gargoyle, a sky beast, a bullfrog, a howler monkey
and an orc.

Vanquished Creatures
  A troll (D)
  A yak (D)
  2 centaurs (D)
  A worker ant (D)
  2 orcs (D)
  A bat skeleton (D)
  2 hobgoblins (D)
  A kobold (D)
  A quokka (D)
  A bat (D)
  A leopard gecko skeleton (D)
  A rat (D)
15 creatures vanquished.

Vanquished Creatures (others)
  An adder (D)
1 creature vanquished.

Grand Total: 16 creatures vanquished

Notes
Turn   | Place    | Note
-------+----------+-------------------------------------------
     0 | D        | Groucho the Deep Dwarf Fighter began the quest for the Orb.
     0 | D        | Reached XP level 1. HP: 20/20 MP: 1/1
     8 | D        | Reached skill level 1 in Evocations
    26 | D        | Noticed a centaur
    30 | D        | Reached XP level 2. HP: 28/28 MP: 3/3
    44 | D        | Killed a centaur
    44 | D        | Reached skill level 5 in Armour
    44 | D        | Reached skill level 5 in Shields
    44 | D        | Reached XP level 3. HP: 21/37 MP: 3/6
    44 | D        | Reached XP level 4. HP: 25/45 MP: 3/7
   388 | D        | Found a roughly hewn altar of Beogh.
   388 | D        | Found a snail-covered altar of Cheibriados.
   388 | D        | Found a shadowy altar of Dithmenos.
   388 | D        | Found a white marble altar of Elyvilon.
   388 | D        | Found a blossoming altar of Fedhas.
   388 | D        | Found an opulent altar of Gozag.
   389 | D        | Found a hazy altar of Hepliaklqana.
   390 | D        | Found a viscous altar of Jiyva.
   391 | D        | Found an ancient bone altar of Kikubaaqudgha.
   392 | D        | Found a corrupted altar of Lugonu.
   393 | D        | Found a burning altar of Makhleb.
   394 | D        | Found a sparkling altar of Nemelex Xobeh.
   395 | D        | Found an iron altar of Okawaru.
   396 | D        | Found a stormy altar of Qazlal.
   397 | D        | Found a sacrificial altar of Ru.
   398 | D        | Found a deep blue altar of Sif Muna.
   399 | D        | Found a bloodstained altar of Trog.
   400 | D        | Found a hide-covered altar of Uskayaw.
   403 | D        | Became a worshipper of Makhleb the Destroyer
   404 | D        | Found a radiant altar of Vehumet.
   405 | D        | Found a shimmering altar of Xom.
   406 | D        | Found a basalt altar of Yredelemnul.
   407 | D        | Found a glowing silver altar of Zin.
   408 | D        | Found a glowing golden altar of the Shining One.
   462 | D        | Noticed a centaur
   462 | D        | Noticed a yak
   462 | D        | Noticed a troll
   476 | D        | Killed a troll
   476 | D        | Reached XP level 5. HP: 46/55 MP: 7/10
   476 | D        | Reached XP level 6. HP: 51/62 MP: 7/11
   480 | D        | Killed a yak
   481 | D        | Reached * piety under Makhleb
   484 | D        | Reached XP level 7. HP: 55/70 MP: 7/13
   494 | D        | Noticed a hippogriff
   494 | D        | Noticed a gargoyle
   504 | D        | Slain by a gargoyle

Skill      XL: |  1  2  3  4  5  6 |
---------------+-------------------+-----
Evocations     | 2 4 7 8 |  8.8
Fighting       | 3 4 6 |  6.9
Armour         | 5 7 8 |  8.2
Axes           | 4 6 7 |  7.6
Shields        | 5 7 8 |  8.1

Action                   |  1- 3 |  4- 6 |  7- 9 || total
-------------------------+-------+-------+-------++-------
Melee: War axe           |    33 |       |       ||    33
       Broad axe         |       |    16 |    13 ||    29
  Use: Potion            |       |     4 |       ||     4
 Stab: Invisible         |       |     1 |       ||     1
Armor: Scale mail        |    14 |       |       ||    14
       Ring mail         |       |     4 |     3 ||     7
Dodge: Dodged            |     7 |     8 |     1 ||    16
Block: Shield            |    12 |    14 |     5 ||    31
